AoeStats
← iM 我要打十个

Socotra

505619340Analyzed
4v4 RM · 23d ago on Sep 10, 2026· 21m 14s· 8 players
Game mode
Random Map
Map size
148×148
Population
200
Speed
Normal
Resources
Standard
Victory
Conquest
Starting age
Dark Age
Ending age
Imperial Age
RankedLock teamsTeams togetherTeam positionsShared explorationLock speedFull tech treeHidden civsTurbo modeCheats
Victory
Defeat
🇪🇸 Khmer · Spain
1187
+14
🇺🇸 Ethiopians · United States
1166
+15
🇩🇪 Bulgarians · Germany
1131
+16
🇨🇳 Saracens · China
1118
+16
🇲🇽 Ethiopians · Mexico
1163
-16
🇧🇷 Teutons · Brazil
1150
-16
🇨🇳 Berbers · China
1118
-15
🇦🇺 Chinese · Australia
1097
-14
DSLG | Maxteel97
3:25 Loom
9:35 Feudal Age
cXb_Grilin
10:47 Feudal Age
9:42 Loom
14:27 Bloodlines
Jimi
0:30 Loom
9:33 Feudal Age
10:09 Horse Collar
10:16 Double-Bit Axe
15:29 Scale Barding Armor
巴哆
10:28 Feudal Age
13:40 Double-Bit Axe
15:10 Fletching
21:24 Castle Age
20:25 Padded Archer Armor
shaggy
6:21 Loom
8:57 Feudal Age
10:14 Double-Bit Axe
12:06 Forging
11:49 Fletching
Dr_Sanz
6:40 Loom
10:29 Feudal Age
14:39 Castle Age
12:33 Double-Bit Axe
13:00 Horse Collar
Robbsen7
9:36 Feudal Age
9:10 Loom
10:04 Double-Bit Axe
10:21 Horse Collar
23:29 Castle Age
iM 我要打十个
2:41 Loom
10:39 Feudal Age
11:20 Double-Bit Axe
16:51 Fletching
18:43 Horse Collar
21:04 Wheelbarrow
22:37 Castle Age
21:39 Padded Archer Armor
Connection lost

Rejoining the realm…

Still unreachable

The connection could not be restored.

Session expired

The server has moved on; the page needs a fresh start.